 Dungeon Crawl Stone Soup version 0.23.1 (webtiles) character file.

Game seed: 7548656138585193015

76 Borgoz the Ruffian (level 4, -1/37 HPs)
             Began as a Ghoul Warper on Mar 8, 2019.
             Splashed by a jelly's acid (10 damage)
             ... on level 3 of the Dungeon.
             The game lasted 00:02:54 (1947 turns).

Borgoz the Ruffian (Ghoul Warper)                   Turns: 1947, Time: 00:02:56

Health: -1/37      AC:  0    Str: 14    XL:     4   Next: 32%
Magic:  6/6        EV: 12    Int:  8    God:
Gold:   143        SH:  0    Dex:  9    Spells: 7/7 levels left

rFire    . . .     SeeInvis .     - Unarmed
rCold    + . .     Gourm    .   (no shield)
rNeg     + + +     Faith    .   j - +0 leather armour (curse)
rPois    ∞         Spirit   .   (no helmet)
rElec    .         Reflect  .   (no cloak)
rCorr    .         Harm     .   (no gloves)
MR       +....                  (no boots)
Stlth    +.........             e - amulet of the acrobat
HPRegen  0.00/turn              k - ring of protection from magic
MPRegen  0.10/turn              (no ring)

@: corroded, rotting
A: rotting body, claws 1, carnivore, cold resistance 1, negative energy
resistance 3, inhibited regeneration, torment resistance, unbreathing
a: no special abilities


You were on level 3 of the Dungeon.
You were not hungry.

You visited 1 branch of the dungeon, and saw 3 of its levels.

You collected 143 gold pieces.

Inventory:

Missiles
 d - 5 tomahawks of dispersal (quivered)
 m - 7 tomahawks of returning
Armour
 j - a cursed +0 leather armour (worn)
Jewellery
 e - an amulet of the acrobat (around neck)
 k - a ring of protection from magic (left claw)
Scrolls
 a - a scroll of enchant weapon {unknown}
 b - 3 scrolls of teleportation {unknown}
 c - a scroll of blinking
 l - 2 scrolls of identify {unknown}
 n - a scroll of fear {unknown}
 o - a scroll of fog {unknown}
 q - 2 scrolls of remove curse {unknown}
Potions
 g - a potion of resistance {unknown}
 i - 2 potions of heal wounds {unknown}
 p - 2 potions of agility {unknown}
 r - a potion of magic {unknown}
 s - a potion of lignification {unknown}
 t - a potion of flight {unknown}
Comestibles
 f - 3 rations
 h - 2 chunks of flesh


   Skills:
 + Level 2.8 Fighting
 - Level 0.8 Throwing
 + Level 1.6 Armour
 + Level 2.4 Dodging
 + Level 3.3 Unarmed Combat
 + Level 2.0 Spellcasting
   Level 2.6 Translocations


You had 7 spell levels left.
You didn't know any spells.
Your spell library contained the following spells:

 Spells                   Type           Power        Failure   Level  Hunger
 Blink                    Tloc           N/A          22%         2    ###....
 Shroud of Golubria       Chrm/Tloc      #.........   36%         2    ###....
 Gell's Gravitas          Tloc           #.........   41%         3    ####...
 Lesser Beckoning         Tloc           #.........   41%         3    ####...
 Teleport Other           Tloc           #.......     41%         3    ####...
 Passage of Golubria      Tloc           N/A          82%         4    #####..


Dungeon Overview and Level Annotations

Branches:
Dungeon (3/15)

Altars:


Innate Abilities, Weirdness & Mutations

Your body is rotting away.
You thrive on raw meat.
You are immune to poison.
You have sharp fingernails.
You are carnivorous and can eat meat at any time.
Your flesh is cold resistant. (rC+)
You are immune to negative energy. (rN+++)
You do not regenerate when monsters are visible.
You are immune to unholy pain and torment.
You can survive without breathing.


Message History

A jelly is nearby!
The jelly quivers.
You see here 8 bolts.
The jelly completely misses you.
You scratch the jelly.
Your claws burn!
The jelly is lightly wounded.
The jelly hits you. The acid corrodes you!
You are splashed with acid!
You scratch the jelly.
Your claws burn!
The jelly is heavily wounded.
The jelly hits you.
You are splashed with acid!
You are too injured to fight recklessly!
You are too injured to fight recklessly!
You are too injured to fight recklessly!
You scratch the jelly.
Your claws burn!
* * * LOW HITPOINT WARNING * * *
The jelly is heavily wounded.
The jelly hits you.
* * * LOW HITPOINT WARNING * * *
The acid corrodes you!
You are splashed with acid!
You die...

#### #. #.# ...#
#.##.# ##.#
#.##.### ##.######
##.##....
.........##...#.#.#
##.#####.#......#.#
##.#
#.##...#.#.##..#
##.###
#......(.@J.)..#
.....#
#####.##.####.##
.###.# #.##.#
.###.# ##'##..
...#.# ##...####
.#.#.# ##.....##
.#.#†# ##.......##
..^..###.........#
.......+.........+


You could see a jelly.

Vanquished Creatures
  2 adders (D:2)
  2 worms (D:2)
  6 giant cockroaches
  4 goblins
  7 hobgoblins
  2 jackals (D:2)
  2 quokkas
  7 bats
  6 frilled lizards
  10 kobolds
  5 rats
53 creatures vanquished.

Notes
Turn   | Place    | Note
-------+----------+-------------------------------------------
     0 | D:1      | Borgoz the Ghoul Warper began the quest for the Orb.
     0 | D:1      | Reached XP level 1. HP: 17/17 MP: 2/2
   210 | D:1      | Reached XP level 2. HP: 10/25 MP: 3/3
   247 | D:1      | Reached skill level 1 in Armour
   891 | D:2      | Reached XP level 3. HP: 12/30 MP: 5/5
  1182 | D:2      | Reached skill level 3 in Unarmed Combat
  1273 | D:2      | Reached XP level 4. HP: 21/37 MP: 6/6
  1947 | D:3      | Splashed by a jelly's acid

Skill      XL: |  1  2  3 |
---------------+----------+-----
Dodging        | 2 |  2.4
Armour         | 1 |  1.6
Spellcasting   | 2 |  2.0
Unarmed Combat | 3 |  3.3
Fighting       | |  2.8
Throwing       | |  0.8
Translocations | |  2.6

Action                   |  1- 3 |  4- 6 || total
-------------------------+-------+-------++-------
Melee: Unarmed           |   131 |    54 ||   185
  Eat: Chunk             |     8 |     2 ||    10
Armor: Leather armour    |    38 |     4 ||    42
Dodge: Dodged            |    80 |    35 ||   115
